AoeStats
← [Type iLL] StopOut

Arabia

510728609Analyzed
1v1 RM · 1d ago on Oct 2, 2026· 55m 35s· 2 players
Game mode
Random Map
Map size
Tiny (2 player)
Population
200
Speed
Normal
Resources
Standard
Victory
Conquest
Starting age
Dark Age
Ending age
Imperial Age
RankedLock teamsTeams togetherTeam positionsShared explorationLock speedFull tech treeHidden civsTurbo modeCheats
Victory
Defeat
🇩🇪 Teutons · Germany
623
+17
🇬🇧 Portuguese · United Kingdom
651
-19
Wexor
7:33 Loom
10:39 Feudal Age
11:29 Horse Collar
14:29 Double-Bit Axe
19:21 Wheelbarrow
24:19 Castle Age
23:46 Stone Mining
23:50 Gold Mining
27:47 Stone Shaft Mining
27:25 Forging
28:38 Heavy Plow
28:51 Bow Saw
29:18 Fletching
29:56 Hand Cart
32:19 Bodkin Arrow
37:03 Squires
41:13 Imperial Age
39:16 Ballistics
39:06 Masonry
40:17 Scale Barding Armor
43:26 Chemistry
43:23 Crenellations
45:13 Bloodlines
47:36 Chain Barding Armor
50:00 Cavalier
51:55 Iron Casting
52:24 Two-Man Saw
54:34 Blast Furnace
54:10 Plate Barding Armor
53:37 Scale Mail Armor
53:38 Padded Archer Armor
53:49 Siege Engineers
55:29 Guilds
56:24 Ironclad
56:27 Conscription
[Type iLL] StopOut
10:43 Feudal Age
14:51 Castle Age
51:04 Pikeman
Connection lost

Rejoining the realm…

Still unreachable

The connection could not be restored.

Session expired

The server has moved on; the page needs a fresh start.